 Dungeon Crawl Stone Soup version 0.31-a0-1626-g5cb510d322 (webtiles) character file.

Game seed: 12546148269962520160

155 Pooter the Chopper (level 5, -1/48 HPs)
             Began as a Minotaur Fighter on Jan 12, 2024.
             Slain by a black bear (10 damage)
             ... on level 3 of the Dungeon.
             The game lasted 00:07:35 (2357 turns).

Pooter the Chopper (Minotaur Fighter)               Turns: 2357, Time: 00:07:35

Health: -1/48      AC: 11    Str: 29    XL:     5   Next: 14%
Magic:  4/4        EV: 10    Int:  5    God:
Gold:   10         SH:  0    Dex:  9    Spells: 4/4 levels left

rFire   . . .        a - +0 war axe
rCold   . . .        (no shield)
rNeg    . . .        x - +0 scale mail
rPois   .            (helmet restricted)
rElec   .            h - +0 cloak
rCorr   .            (no gloves)
SInv    .            r - +2 pair of boots {Fly}
Will    .....        l - amulet of the acrobat Stlth
                     p - ring of flight
HPRegen 0.28/turn    q - +6 ring of strength
MPRegen 0.09/turn

%: acrobat
@: flying
A: horns 2, retaliatory headbutt
a: no special abilities


You were on level 3 of the Dungeon.
You visited 1 branch of the dungeon, and saw 3 of its levels.

You collected 140 gold pieces.
You spent 130 gold pieces at shops.

Inventory:

Hand Weapons
 a - a +0 war axe (weapon)
 b - a +2 orcbow of freezing
   (You bought it in a shop on level 1 of the Dungeon)
Missiles
 g - 3 poisoned darts (quivered)
 Q - 34 stones
Armour
 c - a +0 buckler
 h - a +0 cloak (worn)
   (You found it on level 1 of the Dungeon)
 r - a +2 pair of boots of flying (worn)
   (You found it on level 2 of the Dungeon)
 x - a +0 scale mail (worn)
Jewellery
 l - an amulet of the acrobat (around neck)
   (You found it on level 1 of the Dungeon)
 p - a ring of flight (left hand)
   (You found it on level 2 of the Dungeon)
 q - a +6 ring of strength (right hand)
   (You found it on level 2 of the Dungeon)
Scrolls
 k - a scroll of fear
 m - a scroll of vulnerability {!r}
 o - a scroll of noise {!r}
 s - a scroll of poison {unknown}
 v - a scroll of silence {unknown}
Potions
 d - 4 potions of might
 e - 2 potions of curing {@q1}
 f - a potion of resistance {unknown}
 i - a potion of enlightenment {unknown}
 j - a potion of mutation {unknown}
 n - a potion of heal wounds {unknown}
 t - 2 potions of degeneration {unknown}
 u - a potion of magic {unknown}
 w - a potion of attraction {unknown}


   Skills:
 + Level 5.0 Fighting
 * Level 5.4 Axes
 * Level 0.0 Ranged Weapons
 - Level 3.6 Armour
 - Level 3.6 Shields


You had 4 spell levels left.
You didn't know any spells.
Your spell library contained the following spells:

 Spells                   Type           Power      Damage    Failure   Level
 Cigotuvi's Dreadful Rot  Necr/Alch/Air  0%         N/A       86%         2
 Tukima's Dance           Hex            0%         N/A       97%         3
 Dispel Undead            Necr           0%         3d6       100%        4
 Martyr's Knell           Necr/Summ      0%         N/A       100%        4
 Passage of Golubria      Tloc           0%         N/A       100%        4
 Yara's Violent Unravell  Hex/Alch       0%         3d3       100%        5
 Death Channel            Necr           0%         N/A       100%        6


Dungeon Overview and Level Annotations

Branches:
Dungeon (3/15) Zot: 15601

Altars:

Shops:
D:1 (


Innate Abilities, Weirdness & Mutations

You have a pair of horns on your head.
You reflexively headbutt those who attack you in melee.


Message History

The black bear bites you but does no damage.
The black bear claws you but does no damage.
The black bear closely misses you.
You completely miss the black bear.
The black bear bites you but does no damage.
The black bear closely misses you. The black bear claws you.
You barely miss the black bear. The black bear completely misses you.
You furiously retaliate!
You headbutt the black bear, but do no damage.
The black bear closely misses you.
The black bear claws you but does no damage.
You barely miss the black bear.
You headbutt the black bear, but do no damage.
The black bear bites you.
The black bear claws you but does no damage.
The black bear closely misses you.
You slash the black bear! The black bear bites you.
The black bear claws you but does no damage.
The black bear barely misses you.
You barely miss the black bear. The black bear barely misses you.
The black bear claws you but does no damage.
The black bear claws you.
The black bear goes berserk!
You are too injured to fight recklessly!
You are too injured to fight recklessly!
You are too injured to fight recklessly!
You barely miss the black bear. The black bear bites you.
The black bear barely misses you.
The black bear claws you but does no damage.
You barely miss the black bear. The black bear bites you.
The black bear completely misses you. The black bear barely misses you.
The black bear bites you.
* * * LOW HITPOINT WARNING * * *
The black bear claws you.
* * * LOW HITPOINT WARNING * * *
The black bear claws you but does no damage.
You hit the black bear but do no damage.
Your headbutt misses the black bear. The black bear bites you.
* * * LOW HITPOINT WARNING * * *
The black bear claws you.
* * * LOW HITPOINT WARNING * * *
The black bear claws you but does no damage.
The black bear bites you.
* * * LOW HITPOINT WARNING * * *
The black bear claws you but does no damage.
The black bear completely misses you.
You slash the black bear!
The black bear bites you but does no damage.
The black bear claws you but does no damage.
The black bear misses you. The black bear bites you!
You die...

#.........#
#.........#
#.........#
#.........#
#.........#
##......#.#####.#
#..)............#
###
#..h....#.######
#<# #.@.)...#.#
#.# #.#######.##
#.# #.# #.[######
#.# #.#
##......### #.#
#.# ######....
#.# #.# ####.
##.########.#
#####
#...........#
#....
#############
#....


You could see a black bear (berserk).

Vanquished Creatures
  An ogre (D:3)
  An adder (D:2)
  3 ribbon worms
  2 dart slugs (D:1)
  An orc (D:2)
  5 endoplasms
  A giant cockroach (D:1)
  4 goblins
  3 hobgoblins
  4 jackals (D:2)
  6 kobolds
  2 quokkas (D:2)
  4 ball pythons
  4 bats (D:1)
  4 frilled lizards
  2 rats (D:1)
47 creatures vanquished.

Notes
Turn   | Place    | Note
-------+----------+-------------------------------------------
     0 | D:1      | Pooter the Minotaur Fighter began the quest for the Orb.
     0 | D:1      | Reached XP level 1. HP: 19/19 MP: 0/0
    72 | D:1      | Reached XP level 2. HP: 26/27 MP: 1/1
   325 | D:1      | Found Loezul's Antique Weapon Shop.
   639 | D:2      | Reached XP level 3. HP: 33/33 MP: 2/2
   666 | D:2      | Found a faded altar of an unknown god.
   666 | D:2      | Noticed a reaper
  1919 | D:3      | Reached XP level 4. HP: 40/41 MP: 3/3
  1947 | D:3      | Noticed an ogre
  1960 | D:3      | Killed an ogre
  1961 | D:3      | Reached skill level 5 in Fighting
  1961 | D:3      | Reached skill level 5 in Axes
  1961 | D:3      | Reached XP level 5. HP: 31/48 MP: 4/4
  2251 | D:1      | Bought a runed orcbow for 130 gold pieces
  2343 | D:3      | Noticed a black bear
  2357 | D:3      | Slain by a black bear

Illustrated notes

Levels and vault maps discovered:
D:1:      kennysheep_arrival_seaside, layout_rooms, serial_shops,
          nicolae_shop_back_alley_shop
D:2:      minmay_spotlight, layout_basic,
          dreamdust_ecumenical_altar_sealed_demon, serial_bayou_lake_a
D:3:      layout_basic

Skill      XL: |  1  2  3  4 |
---------------+-------------+-----
Axes           | 3 4 5 |  5.4
Fighting       | 4 5 |  5.0
Armour         | |  3.6
Shields        | |  3.6

Action                     |  1- 3 |  4- 6 || total
---------------------------+-------+-------++-------
  Melee: War axe           |    95 |    14 ||   109
         Headbutt          |    11 |     2 ||    13
   Fire: Orcbow            |       |     4 ||     4
  Throw: Dart              |       |     3 ||     3
    Use: Scroll            |     4 |       ||     4
 Armour: Scale mail        |    49 |    29 ||    78
  Dodge: Dodged            |    48 |    12 ||    60
  Block: Buckler           |    23 |     1 ||    24

Table legend: (Time is in decaauts)
 A = Elapsed time spent in this place.
 B = Non-inter-level travel time spent in this place.
 C = Inter-level travel time spent in this place.
 D = Time resting spent in this place.
 E = Time spent auto-exploring this place.
 F = Levels seen in this place.
 G = Mean time per level.
                   A        B        C        D        E       F      G
               +--------+--------+--------+--------+--------+-----+--------+
         Total |   2397 |   2044 |    353 |      3 |   1623 |   3 |  799.0 |
       Dungeon |   2397 |   2044 |    353 |      3 |   1623 |   3 |  799.0 |
               +--------+--------+--------+--------+--------+-----+--------+

Top non-repeatable levels by time:
     D:2: 1159 daAuts
     D:1: 671 daAuts
     D:3: 566 daAuts
